 Dungeon Crawl Stone Soup version 0.26.1-2-gb8aa6d0cf2 (webtiles) character file.

Game seed: 13052778590874658216

172 Groucho the Covert (level 5, -2/24 HPs)
             Began as a Spriggan Enchanter on Feb 20, 2021.
             Slain by an orc
             ... wielding a +2 dagger of electrocution
              (12 damage)
             ... on level 3 of the Dungeon.
             The game lasted 00:16:30 (8736 turns).

Groucho the Covert (Spriggan Enchanter)             Turns: 8736, Time: 00:16:32

Health: -2/24      AC:  2    Str:  4    XL:     5   Next: 27%
Magic:  10/10      EV: 18    Int: 18    God:
Gold:   142        SH:  0    Dex: 16    Spells: 3/9 levels left

rFire    . . .     SeeInvis +   a - +1 dagger
rCold    . . .     Faith    .   (shield restricted)
rNeg     . . .     Spirit   .   b - +0 robe
rPois    .         Reflect  .   (helmet restricted)
rElec    .         Harm     .   (no cloak)
rCorr    .         Rampage  .   (gloves unavailable)
Will     .....                  (boots unavailable)
Stlth    ++++......             (no amulet)
HPRegen  0.08/turn              (no ring)
MPRegen  0.12/turn              (no ring)

@: very quick
A: very small, unfitting armour, see invisible, speed 3
a: no special abilities


You were on level 3 of the Dungeon.
You visited 1 branch of the dungeon, and saw 3 of its levels.

You collected 142 gold pieces.

Inventory:

Hand Weapons
 a - a +1 dagger (weapon)
 y - a +0 vampiric dagger
Missiles
 p - 133 stones
 v - 7 poisoned darts
Armour
 b - a +0 robe (worn)
Jewellery
 e - an uncursed ring of stealth {unknown}
 f - a cursed ring of teleportation {unknown}
 h - an uncursed ring of willpower {unknown}
 m - an uncursed amulet of faith {unknown}
 q - an uncursed amulet of the acrobat {unknown}
Wands
 x - a wand of iceblast (13)
Scrolls
 d - 2 scrolls of remove curse {unknown}
 i - a scroll of noise {unknown}
 k - 3 scrolls of fear {unknown}
 l - 2 scrolls of teleportation {unknown}
 n - a scroll of blinking {unknown}
 r - a scroll of fog {unknown}
 s - 2 scrolls of amnesia {unknown}
 u - a scroll of enchant armour {unknown}
 w - 2 scrolls of identify {unknown}
Potions
 c - a potion of mutation {unknown}
 g - a potion of cancellation {unknown}
 j - 2 potions of curing {unknown}
 o - 2 potions of invisibility {unknown}
 t - a potion of haste {unknown}
 z - a potion of heal wounds {unknown}


   Skills:
 - Level 1.1 Short Blades
 - Level 3.0 Dodging
 * Level 9.3 Stealth
 - Level 2.6 Spellcasting
 - Level 3.6 Hexes


You had 3 spell levels left.
You knew the following spells:

 Your Spells              Type           Power        Failure   Level
a - Corona                Hex            16%          3%          1
b - Ensorcelled Hibernat  Hex/Ice        16%          12%         2
c - Confusing Touch       Hex            15%          12%         3

Your spell library contained the following spells:

 Spells                   Type           Power        Failure   Level
 Tukima's Dance           Hex            15%          12%         3
 Dazzling Flash           Conj/Hex       16%          24%         3


Dungeon Overview and Level Annotations

Branches:
Dungeon (3/15)

Altars:
Gozag
Uskayaw
Vehumet
Yredelemnul
Zin


Innate Abilities, Weirdness & Mutations

You are very small and have problems with some larger weapons.
You are too small for most types of armour.
You have supernaturally acute eyesight. (SInv)
You cover ground extremely quickly.


Message History

An orc is nearby!
You see here 16 sling bullets.
The orc shouts!
You hear a shout! x2
You barely miss the orc. The orc barely misses you.
You barely miss the orc. The orc closely misses you.
An orc priest comes into view.
It is wielding a +2 hand axe of draining.
You hit the orc.
The orc is lightly wounded.
The orc misses you.
You hit the orc but do no damage.
The orc is lightly wounded.
The orc misses you.
You closely miss the orc.
The orc is lightly wounded.
The orc priest invokes the aid of Beogh against you.
Beogh smites you!
The orc hits you with a +2 dagger of electrocution.
You are electrocuted!
Ouch! That really hurt!
You die...

###### ##### #....# #...#
#....# #...# #....############
#####...# #^..............#
...##...# #...............#
...##...# #...............#
........####...............#
)..##.......##oo@.(........#
....#....##.o.....##########
###.##.#.##.....#[####
###......###.##......####
.............##.#....[..#
.........######.#.##.####
#.#....#.# ###....#
..#....#.########..###########
.............).........>.....#


You could see an orc priest and 2 orcs.

Vanquished Creatures
  An orc priest (D:3)
  An orc wizard (D:3)
  2 adders
  2 worms (D:2)
  2 dart slugs
  8 orcs
  2 giant cockroaches
  6 goblins
  10 hobgoblins
  7 jackals
  9 kobolds
  A quokka (D:3)
  A ball python (D:1)
  8 bats
  8 frilled lizards
  10 rats
78 creatures vanquished.

Notes
Turn   | Place    | Note
-------+----------+-------------------------------------------
     0 | D:1      | Groucho the Spriggan Enchanter began the quest for the Orb.
     0 | D:1      | Reached XP level 1. HP: 9/9 MP: 5/5
   131 | D:1      | Reached skill level 5 in Stealth
   190 | D:1      | Reached XP level 2. HP: 10/13 MP: 6/6
  1222 | D:2      | Reached skill level 6 in Stealth
  1240 | D:2      | Found a glowing silver altar of Zin.
  1240 | D:2      | Found a hide-covered altar of Uskayaw.
  1248 | D:2      | Found a basalt altar of Yredelemnul.
  1250 | D:2      | Found a radiant altar of Vehumet.
  1252 | D:2      | Found an opulent altar of Gozag.
  1659 | D:2      | Reached XP level 3. HP: 16/16 MP: 8/8
  2834 | D:1      | Learned a level 2 spell: Ensorcelled Hibernation
  2838 | D:1      | Learned a level 3 spell: Confusing Touch
  3408 | D:2      | Reached skill level 7 in Stealth
  3825 | D:2      | Found a faded altar of an unknown god.
  5282 | D:2      | Reached XP level 4. HP: 11/21 MP: 6/9
  6545 | D:3      | Reached skill level 8 in Stealth
  7481 | D:3      | Reached skill level 9 in Stealth
  7481 | D:3      | Reached XP level 5. HP: 13/24 MP: 1/10
  8736 | D:3      | Slain by an orc

Illustrated notes

Levels and vault maps discovered:
D:1:      minmay_arrival_plants_in_alcoves, layout_loops_cross
D:2:      layout_basic, chequers_temple_overflow_minitemple,
          chequers_ecumenical_altar_simple_redux
D:3:      layout_basic

Skill      XL: |  1  2  3  4 |
---------------+-------------+-----
Stealth        | 5 6 7 9 |  9.3
Short Blades   | |  1.1
Dodging        | |  3.0
Spellcasting   | |  2.6
Hexes          | |  3.6

Action                   |  1- 3 |  4- 6 || total
-------------------------+-------+-------++-------
Melee: Dagger            |   173 |   138 ||   311
 Cast: Corona            |    14 |       ||    14
       Ensorcelled Hiber |    18 |    19 ||    37
       Confusing Touch   |     1 |     3 ||     4
 Stab: Sleeping          |    23 |    14 ||    37
       Distracted        |     1 |     1 ||     2
       Confused          |       |     3 ||     3
Armor: Robe              |    20 |    12 ||    32
Dodge: Dodged            |   140 |   113 ||   253
